 Dungeon Crawl Stone Soup version 0.32-a0-996-gb3226c233f (webtiles) character file.

Game seed: 6393699612267818945

463364 GordonOverkill the Iron Dragon (level 23, -8/191 (206) HPs)
             Began as a Grey Draconian Delver on Apr 22, 2024.
             Was the Champion of Vehumet.
             Mangled by a spectral caustic shrike (15 damage)
             ... on level 1 of the Depths on Apr 23, 2024.
             The game lasted 02:49:42 (78683 turns).

GordonOverkill the Iron Dragon (DrDe)              Turns: 78683, Time: 02:49:42

HP:   -8/191 (206)  AC: 24    Str: 21    XL:     23   Next: 11%
MP:   7/47          EV: 14    Int: 22    God:    Vehumet [******]
Gold: 1595          SH:  8    Dex: 14    Spells: 7/62 levels left

rFire   + + +        W - +5 rapier (speed)
rCold   . . .        j - +3 buckler {rN+}
rNeg    + . .        (body armour unavailable)
rPois   +            t - +2 hat {SInv}
rElec   +            F - scarf {rC+ rF+}
rCorr   .            O - +2 pair of gloves
SInv    +            r - +2 pair of boots of Starshine {rF+}
Will    ++...        e - amulet of magic regeneration
Stlth   +++          Y - ring "Aghaott" {Fire rElec rPois Int+3}
HPRegen 0.51/turn    U - ring "Carafuw" {rF+ Will+ Str+5 Slay+2}
MPRegen 0.70/turn

%: no passive effects
@: about to teleport, studying 3 skills, drained
A: mud breath, mud-swimmer, AC +16, amphibious, unfitting armour, cold-blooded
}: 3/15 runes: barnacled, silver, gossamer
a: Mud Breath, Renounce Religion


You were on level 1 of the Depths.
You worshipped Vehumet.
Vehumet was exalted by your worship.
You visited 8 branches of the dungeon, and saw 41 of its levels.
You visited 1 bazaar.
You also visited: Gauntlet.

You collected 6059 gold pieces.
You spent 4464 gold pieces at shops.

Inventory:

Hand Weapons
 f - the +10 trident of Understanding {protect, Int+3}
   (You bought it in a shop on level 2 of the Depths)

   Int+3:     It affects your intelligence (+3).
 A - the +1 sling of Classification {speed, rPois rC+ Str-4 Int+3}
   (You took it off a yaktaur captain on level 5 of the Vaults)

   Str-4:     It affects your strength (-4).
   Int+3:     It affects your intelligence (+3).
   rC+:       It protects you from cold.
   rPois:     It protects you from poison.
 W - a +5 rapier of speed (weapon)
Missiles
 g - 18 silver javelins
 C - 5 throwing nets
 J - 29 curare-tipped darts (quivered)
Armour
 j - a +3 buckler of positive energy (worn)
 r - the +2 pair of boots of Starshine (worn) {rF+}
   (You found it on level 3 of the Elven Halls)

   rF+:       It protects you from fire.
 t - a +2 hat of see invisible (worn)
 w - a +2 hat of willpower
 F - a scarf of resistance (worn)
 O - a +2 pair of gloves (worn)
Jewellery
 e - an amulet of magic regeneration (around neck)
 N - the ring of the Tortoise {AC+8}
   (You took it off a deep elf high priest on level 3 of the Elven Halls)

   [ring of protection]

   AC+8:      It affects your AC (+8).
 P - a ring of resist corrosion
 U - the ring "Carafuw" (right hand) {rF+ Will+ Str+5 Slay+2}
   (You bought it in a shop in a bazaar)

   [ring of willpower]

   Str+5:     It affects your strength (+5).
   Slay+2:    It affects your accuracy & damage with ranged weapons and melee
   (+2).
   rF+:       It protects you from fire.
   Will+:     It increases your willpower.
 Y - the ring "Aghaott" (left hand) {Fire rElec rPois Int+3}
   (You took it off a deep elf master archer on level 3 of the Elven Halls)

   [ring of fire]

   Fire:      It enhances your fire magic.
   Int+3:     It affects your intelligence (+3).
   rF+:       It protects you from fire.
   rC-:       It makes you vulnerable to cold.
   rElec:     It insulates you from electricity.
   rPois:     It protects you from poison.
Wands
 h - a wand of roots (32)
 I - a wand of paralysis (26)
 K - a wand of mindburst (18)
 S - a wand of acid (12)
 X - a wand of digging (11)
Scrolls
 b - 11 scrolls of fog
 c - 6 scrolls of revelation
 n - 10 scrolls of blinking
 o - 3 scrolls of immolation
 q - 18 scrolls of teleportation
 s - 6 scrolls of fear
 u - 5 scrolls of amnesia
 y - 6 scrolls of butterflies
 L - a scroll of silence
 Q - 4 scrolls of vulnerability
 R - a scroll of enchant armour
Potions
 a - 5 potions of cancellation
 d - 9 potions of heal wounds
 i - 5 potions of might
 k - 11 potions of ambrosia
 m - 15 potions of curing
 p - 7 potions of mutation
 v - 3 potions of magic
 x - a potion of invisibility
 B - 10 potions of brilliance
 D - 6 potions of enlightenment
 E - 8 potions of haste
 G - 6 potions of lignification
 H - 4 potions of berserk rage
 V - a potion of resistance
Miscellaneous
 M - a box of beasts
 Z - a Gell's gravitambourine (2/2)


   Skills:
 + Level 17.3 Fighting
 - Level 6.0 Short Blades
 - Level 7.0 Dodging
 - Level 4.5 Stealth
 - Level 7.0 Shields
 - Level 20.0 Spellcasting
 - Level 15.0 Conjurations
 - Level 7.0 Summonings
 - Level 15.0 Ice Magic
 O Level 27 Earth Magic
 - Level 5.0 Evocations


You had 7 spell levels left.
You knew the following spells:

 Your Spells              Type           Power      Damage    Failure   Level
a - Call Canine Familiar  Summ           51%        N/A       1%          3
b - Lehudib's Crystal Sp  Conj/Erth      42%        10d10     1%          8
c - Passwall              Erth           96%        N/A       0%          3
d - Shatter               Erth           48%        3d37*     1%          9
e - Orb of Destruction    Conj           36%        9d11      1%          7
f - Irradiate             Conj/Alch      26%        3d20      1%          5
g - Permafrost Eruption   Ice/Erth       42%        2x4d10    1%          6
h - Ozocubu's Refrigerat  Ice            36%        4d15      1%          7
i - Blink                 Tloc           44%        N/A       3%          2
j - Borgnjor's Vile Clut  Necr/Erth      34%        N/A       1%          5

Your spell library contained the following spells:

 Spells                   Type           Power      Damage    Failure   Level
 Polar Vortex             Ice            36%        12d4*     77%         9
 Magic Dart               Conj           100%       1d8       0%          1
 Sandblast                Erth           100%       2d20      0%          1
 Searing Ray              Conj           100%       2d8       0%          2
 Stone Arrow              Conj/Erth      100%       3d13      0%          3
 Brom's Barrelling Bould  Conj/Erth      85%        2d10      0%          4
 Kiss of Death            Conj/Necr      100%       2d13      1%          1
 Shock                    Conj/Air       100%       1d9       1%          1
 Sting                    Conj/Alch      100%       1d9       1%          1
 Call Imp                 Summ           100%       N/A       1%          2
 Ensorcelled Hibernation  Hex/Ice        100%       N/A       1%          2
 Mercury Vapours          Alch/Air       44%        N/A       1%          2
 Scorch                   Fire           66%        2d7       1%          2
 Static Discharge         Conj/Air       100%       3-8/arc   1%          2
 Mephitic Cloud           Conj/Alch/Air  44%        N/A       1%          3
 Summon Ice Beast         Ice/Summ       63%        N/A       1%          3
 Flame Wave               Conj/Fire      70%        2d16      1%          4
 Iskenderun's Mystic Bla  Conj/Tloc      53%        2d11      (+2d61%     4
 Leda's Liquefaction      Alch/Erth      34%        N/A       1%          4
 Petrify                  Alch/Erth      69%        N/A       1%          4
 Fireball                 Conj/Fire      35%        3d15      1%          5
 Freezing Cloud           Conj/Ice/Air   30%        6-21      1%          5
 Iskenderun's Battlesphe  Conj           73%        2d12      1%          5
 Bombard                  Conj/Erth      42%        9d7       1%          6
 Apportation              Tloc           44%        N/A       2%          1
 Inner Flame              Hex/Fire       33%        N/A       2%          3
 Volatile Blastmotes      Fire/Tloc      66%        2d15      2%          3
 Magnavolt                Erth/Air       34%        3d17      2%          7
 Lesser Beckoning         Tloc           44%        N/A       3%          2
 Metabolic Englaciation   Hex/Ice        26%        N/A       3%          5
 Conjure Ball Lightning   Conj/Air       26%        3x3d7     5%          6
 Starburst                Conj/Fire      35%        6d10      5%          6
 Summon Lightning Spire   Summ/Air       37%        N/A       6%          4
 Airstrike                Air            11%        2d(2-18)  7%          4
 Olgreb's Toxic Radiance  Alch           22%        N/A       7%          4
 Sticky Flame             Fire/Alch      33%        2d7       7%          4
 Spellforged Servitor     Conj/Summ      31%        N/A       7%          7
 Maxwell's Portable Pile  Tloc           22%        2d(7-20)  8%          3
 Sigil of Binding         Hex            22%        N/A       8%          3
 Teleport Other           Tloc           22%        N/A       8%          3
 Tukima's Dance           Hex            22%        N/A       8%          3
 Seismic Cannonade        Alch/Erth      34%        6d12      9%          7
 Summon Mana Viper        Hex/Summ       37%        N/A       17%         5
 Yara's Violent Unravell  Hex/Alch       11%        3d6       17%         5
 Sculpt Simulacrum        Ice/Alch       26%        N/A       19%         6
 Summon Cactus Giant      Summ           25%        N/A       22%         6
 Anguish                  Hex/Necr       11%        N/A       26%         4
 Cause Fear               Hex            11%        N/A       26%         4
 Dimensional Bullseye     Hex/Tloc       11%        N/A       26%         4
 Passage of Golubria      Tloc           22%        N/A       26%         4
 Vhi's Electric Charge    Tloc/Air       44%        N/A       26%         4
 Curse of Agony           Necr           22%        N/A       56%         5
 Plasma Beam              Fire/Air       16%        2x1d28    65%         6
 Rimeblight               Ice/Necr       26%        2d7       (prima69%   7
 Monstrous Menagerie      Summ           25%        N/A       77%         7
 Summon Hydra             Summ           25%        N/A       77%         7
 Death Channel            Necr           11%        N/A       98%         6
 Dispersal                Tloc           11%        N/A       98%         6
 Gell's Gavotte           Tloc           11%        2d(16-23) 98%         6
 Haunt                    Necr/Summ      18%        N/A       99%         7
 Malign Gateway           Summ/Tloc      18%        N/A       99%         7
 Enfeeble                 Hex            11%        N/A       100%        7
 Manifold Assault         Tloc           11%        N/A       100%        7
 Fulsome Fusillade        Conj/Alch      26%        (3-5)d9   86%         8
 Borgnjor's Revivificati  Necr           11%        N/A       100%        8
 Discord                  Hex            11%        N/A       100%        8
 Disjunction              Tloc           11%        N/A       100%        8
 Ignition                 Fire           16%        3d7       100%        8
 Summon Horrible Things   Summ           25%        N/A       100%        8
 Death's Door             Necr           11%        N/A       100%        9
 Dragon's Call            Summ           25%        N/A       100%        9
 Fire Storm               Conj/Fire      35%        8d9       100%        9


Dungeon Overview and Level Annotations

Branches:
Dungeon (15/15)            Temple (0/1) D:5            Lair (5/5) D:10
 Shoals (4/4) Lair:2       Spider (4/4) Lair:2        Slime (0/5) Lair:4
    Orc (2/2) D:10            Elf (3/3) Orc:2        Vaults (5/5) D:13
  Crypt (0/3) Vaults:3     Depths (3/4) D:15        Gauntlet (visited)

Altars:
Ashenzari
Cheibriados
Dithmenos
Fedhas
Kikubaaqudgha
Nemelex Xobeh
Okawaru
Qazlal
Ru
Sif Muna
Uskayaw
Vehumet
Wu Jian
Xom
The Shining One
Beogh
Jiyva

Shops:
D:3 *   D:7 !   D:8 (   D:11 :   Orc:1 [   Orc:2 [*:   Elf:2 *   Elf:3 *[!*
Shoals:1 ?   Shoals:2 :*   Depths:1 =   Depths:2 [((

Portals:
Hell: Depths:2 Depths:3
Abyss: Depths:2
Pandemonium: Orc:2 Depths:2
Ziggurat: Depths:2

Annotations:
Vaults:2 Mennas


Innate Abilities, Weirdness & Mutations

You can breathe torrents of mud.
You are unimpeded by mud.
Your dull iron-grey scales are very hard. (AC +16)
You are amphibious.
You cannot fit into any form of body armour.
You are cold-blooded and may be slowed by cold attacks.


Message History

You partially resist.
You feel drained.
* * * LOW HITPOINT WARNING * * *
The spectral caustic shrike claws you.
* * * LOW HITPOINT WARNING * * *
The spectral caustic shrike attacks as it pursues you!
The spectral caustic shrike claws you!
* * * LOW HITPOINT WARNING * * *
The spectral caustic shrike claws you!
* * * LOW HITPOINT WARNING * * *
You partially resist.
You feel drained.
* * * LOW HITPOINT WARNING * * *
The spectral caustic shrike claws you!
* * * LOW HITPOINT WARNING * * *
The ice dragon breathes frost at you. The blast of cold hits you!
* * * LOW HITPOINT WARNING * * *
As you read the scroll of revelation, it crumbles to dust.
You feel aware of your surroundings.
You sensed 3 shops/portals.
The spectral caustic shrike claws you!
* * * LOW HITPOINT WARNING * * *
You partially resist.
You feel drained.
* * * LOW HITPOINT WARNING * * *
You block the spectral caustic shrike's attack.
The spectral caustic shrike claws you.
* * * LOW HITPOINT WARNING * * *
The spectral caustic shrike claws you!
* * * LOW HITPOINT WARNING * * *
You partially resist.
You feel drained.
* * * LOW HITPOINT WARNING * * *
You hit the spectral caustic shrike.
The spectral caustic shrike is heavily damaged.
The spectral caustic shrike claws you but does no damage. x2
The spectral caustic shrike claws you.
* * * LOW HITPOINT WARNING * * *
Okay, then.
The spectral caustic shrike claws you but does no damage.
The spectral caustic shrike claws you!
* * * LOW HITPOINT WARNING * * *
The spectral caustic shrike claws you!
You die...

############### ###############
############### ***
***###############**** **,*
*,*#######.##.....,,,**** **,,*
**,*#####.Z...D...≈~~~~~~**
*,,,***,,,###...@Z.....≈≈~~~~~~~*
***,,,..,##.##'###..#+≈≈≈~~~~~~~~
*,,,...#.......##+#.≈≈≈~~~~~~~~
**,,,,..#......##....≈≈~~~,~~~~~
*,,,,,..'......#.....~~≈~,∩,~,~~
*,,,,,.##.....##.....≈≈≈~~,~~~~~
**,,,,##......+.#####≈≈≈~~~~~~~~
*,,,,+.......#+#.#,,~~~~~~~~~~~
**,,,,#.....^.#...##,,~~~~~~~~~*


You could see an ice dragon and 2 spectral caustic shrikes.

Vanquished Creatures
  2 dread liches (Vaults:4)
  An ancient lich (Vaults:5)
  A juggernaut (Depths:2)
  Sojobo (Vaults:5)
  A bone dragon (Vaults:3)
  The ghost of Essalna the Metallomancer, an adept GrFE of Vehumet (Elf:3)
  Jory (Vaults:5)
  A golden dragon (Vaults:5)
  2 tentacled monstrosities
  Rupert (Lair:5)
  A lich (Depths:1)
  3 deep elf blademasters (Elf:3)
  3 deep elf master archers (Elf:3)
  A quicksilver dragon (Vaults:3)
  4 sphinxes
  Frances (Spider:1)
  Polyphemus (Shoals:4)
  Kirke (Spider:1)
  5 storm dragons (Vaults:5)
  Roxanne (Spider:1)
  Aizul (Spider:2)
  4 shadow dragons (Vaults:5)
  8 tengu reavers
  3 fire giants
  The ghost of Sokar the Severer, a journeyman MDFi of Uskayaw (Orc:2)
  A daeva (Depths:2)
  2 iron dragons
  20 vault wardens
  4 deep elf sorcerers (Elf:3)
  6 frost giants
  3 ghost moths
  3 emperor scorpions
  5 deep elf elementalists (Elf:3)
  2 spectral caustic shrikes (Depths:1)
  6 very ugly things
  An angel (Depths:2)
  2 orc warlords
  6 broodmothers
  7 stone giants
  3 ironbound thunderhulks
  19 ironbound preservers
  The ghost of Ycul the Severer, a journeyman HOFi of Nemelex Xobeh (Lair:3)
  7 deep elf demonologists
  18 dire elephants
  2 minotaurs
  9 deep elf death magi
  2 spark wasps
  9 deep elf annihilators
  The ghost of P0WERM0DE the Fighter, a journeyman CoCK of Xom (Lair:4)
  4 fire dragons
  9 ettins
  A blizzard demon (Gauntlet)
  5 merfolk impalers
  7 entropy weavers
  A crystal guardian (Vaults:4)
  11 yaktaur captains
  8 deep elf high priests
  5 ice dragons
  8 merfolk javelineers
  2 peacekeepers
  2 catoblepae
  10 great orbs of eyes
  30 vault guards
  A rakshasa (Depths:1)
  3 alligator snapping turtles
  3 hydras (Lair:4)
  2 jorogumos
  A spriggan air mage (Depths:1)
  8 two-headed ogres
  6 radroaches
  A demonspawn (Orc:2)
  12 centaur warriors
  9 ironbound frosthearts
  3 satyrs
  28 dancing weapons
  An ogre mage (D:15)
  2 two-headed ogres (shapeshifter)
  5 merfolk avatars
  9 deep troll shamans
  7 death yaks
  A death scarab (Gauntlet)
  5 merfolk aquamancers
  5 deep troll earth magi
  A tengu warrior (Depths:2)
  6 boulder beetles
  8 orc high priests (Orc:2)
  A spectral dire elephant (Lair:5)
  6 demonic crawlers
  2 occultists (Depths:1)
  A soul eater (Orc:2)
  Sonja (Lair:2)
  Urug (D:12)
  2 skysharks (Shoals:2)
  Amaemon (D:10)
  A sixfirhy (Orc:2)
  18 deep elf knights
  4 iron trolls
  4 pharaoh ants
  9 deep elf archers
  11 sea snakes
  A spectral anaconda (Lair:5)
  8 glowing orange brains
  3 sun moths (Spider:4)
  10 arcanists
  59 deep trolls
  An orb spider (shapeshifter) (Vaults:5)
  10 orb spiders
  3 phantasmal warriors (Vaults:5)
  An obsidian statue (Lair:5)
  19 ironbound convokers
  4 steelbarb worms
  7 lindwurms
  11 harpies
  27 deep elf zephyrmancers
  4 thermic dynamos
  32 deep elf pyromancers
  4 necromancers (Lair:5)
  10 orc knights
  5 orc sorcerers
  28 ugly things
  11 manticores
  2 obsidian bats (Orc:2)
  18 wolf spiders
  13 fauns
  A manticore (shapeshifter) (Vaults:5)
  2 cyclopes
  Maurice (D:10)
  A faun (shapeshifter) (Vaults:5)
  An oklob plant (Lair:4)
  A mana viper (shapeshifter) (Vaults:5)
  4 kobold blastminers
  13 meliai
  2 moths of wrath (Spider:4)
  4 black mambas
  21 vault sentinels
  14 elephants
  13 cane toads
  5 merfolk sirens
  9 torpor snails
  3 gargoyles
  A dire elephant skeleton (Lair:5)
  30 yaktaurs
  6 unseen horrors
  5 water nymphs
  3 rime drakes
  6 komodo dragons
  Maggie (D:9)
  2 freezing wraiths (Vaults:5)
  2 kobold demonologists
  An ice devil (Orc:2)
  2 tengu conjurers (Depths:2)
  Psyche (D:9)
  8 trolls
  A queen bee (shapeshifter) (D:13)
  A queen bee (Spider:1)
  10 wind drakes
  3 polar bears (Lair:4)
  A hellwing (Orc:2)
  30 tarantellas
  A tarantella (shapeshifter) (Vaults:3)
  10 dream sheep
  31 merfolk
  18 blink frogs
  A glass eye (shapeshifter) (Vaults:5)
  31 jumping spiders
  2 hornets
  9 snapping turtles
  49 slime creatures
  A centaur simulacrum (D:14)
  A ynoxinul (Gauntlet)
  23 culicivoras
  3 wraiths
  5 air elementals
  A vampire (D:12)
  4 wyverns
  37 yaks
  10 water elementals
  7 basilisks
  A fire elemental (Elf:2)
  47 redbacks
  2 steam dragons
  A death yak simulacrum (Lair:5)
  8 vampire mosquitoes
  A chaos spawn (Orc:2)
  A warg (Orc:2)
  A spectral cane toad (Lair:5)
  14 water moccasins
  An acid dragon (D:9)
  A water moccasin (shapeshifter) (D:15)
  45 orc warriors
  A sky beast (shapeshifter) (D:15)
  A spectral torpor snail (Gauntlet)
  2 ice beasts
  3 sky beasts
  2 black bears
  2 elephant zombies (Lair:5)
  6 boggarts
  12 ogres
  5 wolves
  13 centaurs
  3 phantoms
  8 kobold brigands
  13 bullfrogs
  A gnoll sergeant (D:7)
  A cane toad simulacrum (Lair:5)
  3 earth elementals (Elf:2)
  8 wights
  A hornet simulacrum (D:15)
  2 elephant simulacra (Lair:5)
  28 killer bees
  An electric eel (Lair:2)
  5 howler monkeys
  A bombardier beetle (D:6)
  5 gnoll boudas
  6 hounds
  28 orc priests
  4 iron imps (Gauntlet)
  Terence (D:3)
  3 iguanas
  12 orc wizards
  6 hell rats (Lair:3)
  14 gnolls
  8 adders
  3 white imps
  2 dart slugs (D:1)
  79 orcs
  3 endoplasms
  4 giant cockroaches
  3 goblins
  5 hobgoblins
  5 jackals
  A quokka (D:3)
  5 ball pythons
  5 bats
  A frilled lizard (D:3)
  28 kobolds
  8 rats
1709 creatures vanquished.

Vanquished Creatures (collateral kills)
  2 dire elephants (Vaults:1)
  A hydra (Lair:4)
  An ugly thing (D:14)
  2 elephants (Lair:5)
  A dire elephant skeleton (Lair:5)
  An orange demon (D:10)
  A rime drake (Lair:5)
  2 ice devils (Gauntlet)
  A troll (D:9)
  A blink frog (Lair:2)
  A slime creature (Vaults:1)
  A vampire (D:7)
  A wyvern (D:7)
  3 yaks
  A steam dragon (D:8)
  A water moccasin (D:9)
  A black bear (D:6)
  A wolf (Lair:1)
  An elephant skeleton (Lair:5)
  A phantom (D:6)
  A scorpion (D:6)
  A killer bee (D:6)
  A howler monkey (D:6)
  A sleepcap (D:5)
  2 orc wizards
  4 gnolls (D:7)
  2 ufetubi (D:7)
  3 orcs
  2 kobolds
42 creatures vanquished.

Vanquished Creatures (others)
  4 humans (Spider:1)
  10 foxfires (Elf:3)
14 creatures vanquished.

Grand Total: 1765 creatures vanquished

Notes
Turn   | Place    | Note
-------+----------+-------------------------------------------
     0 | D:5      | GordonOverkill the Draconian Delver began the quest for the
                  | Orb.
     0 | D:5      | Reached XP level 1. HP: 19/19 MP: 1/1
     2 | D:6      | Noticed an ice beast
    12 | D:5      | Noticed a phantom
   166 | D:4      | Noticed a phantom
   256 | D:3      | Found a radiant altar of Vehumet.
   265 | D:3      | Became a worshipper of Vehumet
   421 | D:2      | Reached XP level 2. HP: 21/27 MP: 2/2
  1189 | D:1      | Reached XP level 3. HP: 30/33 MP: 3/3
  2137 | D:2      | Reached skill level 1 in Spellcasting
  2738 | D:3      | Learned a level 3 spell: Call Canine Familiar
  2811 | D:3      | Noticed an ice beast
  3113 | D:3      | Reached skill level 1 in Summonings
  3113 | D:3      | Reached XP level 4. HP: 35/40 MP: 6/6
  3143 | D:3      | Noticed Terence
  3145 | D:3      | Reached * piety under Vehumet
  3145 | D:3      | Offered knowledge of Shock by Vehumet.
  3152 | D:3      | Killed Terence
  3221 | D:3      | Found Ituy's Assorted Antiques.
  3228 | D:3      | Bought a fuming white potion for 21 gold pieces
  3228 | D:3      | Bought a scroll labelled KEURAVY PAHIE for 24 gold pieces
  3228 | D:3      | Bought a scroll labelled SUSMAMORHE for 24 gold pieces
  3431 | D:3      | Killed an ice beast
  3432 | D:3      | Reached XP level 5. HP: 46/46 MP: 7/9
  3451 | D:4      | Found a sparkling altar of Nemelex Xobeh.
  3764 | D:4      | Reached XP level 6. HP: 52/52 MP: 10/10
  4175 | D:5      | Reached skill level 5 in Summonings
  4226 | D:5      | Your scales start taking on a dull iron-grey colour.
  4226 | D:5      | Reached XP level 7. HP: 50/59 MP: 10/12
  4326 | D:5      | Found a staircase to the Ecumenical Temple.
  4855 | D:5      | Learned a level 3 spell: Stone Arrow
  5174 | D:6      | Reached XP level 8. HP: 65/66 MP: 14/14
  5192 | D:6      | Found an ornate altar of the Wu Jian Council.
  5227 | D:6      | Reached skill level 1 in Conjurations
  5317 | D:6      | Found an ancient bone altar of Kikubaaqudgha.
  5430 | D:6      | Reached ** piety under Vehumet
  5430 | D:6      | Offered knowledge of Foxfire by Vehumet.
  5499 | D:6      | Reached skill level 1 in Earth Magic
  5732 | D:6      | Reached skill level 3 in Earth Magic
  6088 | D:7      | Reached skill level 4 in Earth Magic
  6110 | D:7      | Reached skill level 5 in Earth Magic
  6179 | D:7      | Reached XP level 9. HP: 71/71 MP: 15/15
  6295 | D:7      | Reached skill level 6 in Earth Magic
  6330 | D:7      | Found Lawun's Distillery.
  6333 | D:7      | Bought a potion of brilliance for 44 gold pieces
  6333 | D:7      | Bought a potion of curing for 33 gold pieces
  6466 | D:6      | Reached skill level 7 in Earth Magic
  6586 | D:6      | Reached skill level 1 in Evocations
  6822 | D:6      | Found an ancient bone altar of Kikubaaqudgha.
  6864 | D:6      | Found an ornate altar of the Wu Jian Council.
  7547 | D:7      | Reached skill level 5 in Conjurations
  7706 | D:7      | Reached skill level 8 in Earth Magic
  7781 | D:7      | Offered knowledge of Mercury Vapours by Vehumet.
  7824 | D:7      | Found a snail-covered altar of Cheibriados.
  7825 | D:7      | Found an iron altar of Okawaru.
  7827 | D:7      | Found a sacrificial altar of Ru.
  7833 | D:7      | Found a broken altar of Ashenzari.
  7909 | D:7      | Reached skill level 5 in Fighting
  7915 | D:7      | Reached *** piety under Vehumet
  8415 | D:7      | Reached skill level 5 in Short Blades
  8644 | D:7      | Reached skill level 5 in Spellcasting
  8779 | D:7      | Offered knowledge of Dazzling Flash by Vehumet.
  8797 | D:7      | Learned a level 3 spell: Passwall
  8805 | D:7      | Learned a level 7 spell: Spellforged Servitor
  9032 | D:7      | Reached XP level 10. HP: 66/81 MP: 12/17
  9352 | D:8      | Found Eschis's Weapon Shop.
  9374 | D:8      | Found a stormy altar of Qazlal.
  9569 | D:8      | Identified the +1 cloak "Bopen" {+Inv rF+ Will-}
  9806 | D:9      | Reached skill level 9 in Earth Magic
  9832 | D:9      | Noticed Maggie
  9844 | D:9      | Killed Maggie
  9896 | D:9      | Noticed a two-headed ogre
 10092 | D:9      | Killed a two-headed ogre
 10093 | D:9      | Reached skill level 10 in Earth Magic
 10272 | D:9      | Noticed Psyche
 10279 | D:9      | Killed Psyche
 10796 | D:10     | Entered Level 10 of the Dungeon
 10809 | D:10     | Found a glowing golden altar of the Shining One.
 10823 | D:10     | Found a staircase to the Lair.
 10931 | D:10     | Noticed a two-headed ogre
 10949 | D:10     | Killed a two-headed ogre
 10953 | D:10     | Noticed a rust devil
 11064 | D:10     | Reached **** piety under Vehumet
 11095 | D:10     | Reached XP level 11. HP: 82/86 MP: 21/21
 11218 | D:10     | Noticed Amaemon
 11284 | D:10     | Killed Amaemon
 11290 | D:10     | Found a shimmering blue altar of Sif Muna.
 11291 | D:10     | Noticed Maurice
 11438 | D:10     | Paralysed by Maurice for 3 turns
 11439 | D:10     | Killed Maurice
 11590 | D:10     | Found a shadowy altar of Dithmenos.
 11672 | D:10     | Reached skill level 11 in Earth Magic
 11779 | D:10     | Offered knowledge of Inner Flame by Vehumet.
 12537 | D:10     | Found a staircase to the Orcish Mines.
 12543 | D:10     | Found a roughly hewn altar of Beogh.
 12941 | D:11     | Found Vyoraeps's Book Shop.
 13290 | D:11     | Noticed a green ugly thing
 13336 | D:11     | Killed a green ugly thing
 13978 | Lair:1   | Entered Level 1 of the Lair of Beasts
 14044 | Lair:1   | Reached skill level 10 in Fighting
 14327 | Lair:1   | Found a gate leading to a gauntlet.
 14332 | Gauntlet | Entered a Gauntlet
 14332 | Gauntlet | Noticed a catoblepas
 14332 | Gauntlet | Found a transporter.
 14332 | Gauntlet | Found a transporter.
 14333 | Gauntlet | Found a transporter.
 14336 | Gauntlet | Found a transporter.
 14336 | Gauntlet | Found a transporter.
 14338 | Gauntlet | Found a large runed translucent door.
 14339 | Gauntlet | Found a large runed translucent door.
 14340 | Gauntlet | Found a large runed translucent door.
 14340 | Gauntlet | Found a large runed translucent door.
 14340 | Gauntlet | Found a runed translucent door.
 14341 | Gauntlet | Found a large runed translucent door.
 14342 | Gauntlet | Found a large runed translucent door.
 14343 | Gauntlet | Found a large runed translucent door.
 14343 | Gauntlet | Found a large runed translucent door.
 14344 | Gauntlet | Found a runed translucent gate.
 14345 | Gauntlet | Noticed a death scarab
 14346 | Gauntlet | Noticed a death scarab
 14350 | Gauntlet | Found a transporter.
 14351 | Gauntlet | Found a transporter.
 14356 | Gauntlet | Noticed a blizzard demon
 14362 | Gauntlet | Found a transporter.
 14447 | Gauntlet | Found a transporter.
 14453 | Gauntlet | Found a large runed translucent door.
 14454 | Gauntlet | Found a large runed translucent door.
 14455 | Gauntlet | Found a large runed translucent door.
 14455 | Gauntlet | Found a large runed translucent door.
 14455 | Gauntlet | Found a runed translucent door.
 14456 | Gauntlet | Found a large runed translucent door.
 14457 | Gauntlet | Found a large runed translucent door.
 14458 | Gauntlet | Found a large runed translucent door.
 14458 | Gauntlet | Found a large runed translucent door.
 14459 | Gauntlet | Found a runed translucent gate.
 14459 | Gauntlet | Found a runed translucent gate.
 14461 | Gauntlet | Found a transporter.
 14465 | Gauntlet | Found a transporter.
 14481 | Gauntlet | Found a transporter.
 14653 | Gauntlet | Killed a death scarab
 14654 | Gauntlet | Reached XP level 12. HP: 103/110 MP: 20/22
 14740 | Gauntlet | Killed a blizzard demon
 14741 | Gauntlet | Reached skill level 12 in Earth Magic
 14933 | Gauntlet | Noticed a minotaur
 14962 | Gauntlet | Killed a minotaur
 15306 | Lair:1   | Reached skill level 13 in Earth Magic
 15614 | Lair:1   | Reached ***** piety under Vehumet
 15766 | Lair:1   | You fall into a shaft and drop 1 floor!
 15766 | Lair:2   | Noticed Sonja
 15766 | Lair:2   | Found a hole to the Spider Nest.
 15774 | Lair:2   | Killed Sonja
 16014 | Lair:2   | Offered knowledge of Orb of Destruction by Vehumet.
 16613 | Lair:1   | Identified a scroll of acquirement
 16613 | Lair:1   | Acquired a ring of wizardry
 16623 | Lair:1   | Learned a level 7 spell: Orb of Destruction
 16623 | Lair:1   | Upgraded the game from 0.32-a0-994-gabb26cbae4 to
                  | 0.32-a0-996-gb3226c233f
 16757 | Lair:2   | Found a staircase to the Shoals.
 17025 | Lair:2   | Got the Catalogue of Energy
 17335 | Lair:2   | Reached skill level 10 in Conjurations
 18028 | Lair:2   | Reached XP level 13. HP: 106/116 MP: 16/25
 19054 | Lair:3   | Found a runed translucent gate.
 19054 | Lair:3   | Found a runed translucent gate.
 19124 | Lair:3   | Noticed a minotaur
 19128 | Lair:3   | Noticed Ycul's ghost (journeyman HOFi)
 19571 | Lair:3   | Found a runed translucent gate.
 20764 | Lair:4   | Found a viscous altar of Jiyva.
 20765 | Lair:4   | Found a staircase to the Slime Pits.
 20856 | Lair:4   | Found a runed translucent gate.
 20856 | Lair:4   | Found a runed translucent gate.
 20856 | Lair:4   | Found a runed translucent gate.
 20858 | Lair:4   | Noticed P0WERM0DE's ghost (journeyman CoCK)
 21312 | Lair:4   | Reached skill level 5 in Dodging
 21566 | Lair:4   | Offered knowledge of Conjure Ball Lightning by Vehumet.
 21933 | Lair:5   | Entered Level 5 of the Lair of Beasts
 22813 | Lair:5   | Noticed Rupert
 22815 | Lair:5   | Paralysed by Rupert for 3 turns
 22995 | Lair:5   | Noticed a dire elephant
 22995 | Lair:5   | Noticed a dire elephant
 23125 | Lair:5   | Reached XP level 14. HP: 58/124 MP: 7/26
 23943 | Lair:5   | Found a snail-covered altar of Cheibriados.
 24366 | Lair:5   | Paralysed by Rupert for 4 turns
 24597 | Lair:5   | Killed Rupert
 25179 | Lair:5   | Reached skill level 15 in Conjurations
 26196 | Lair:5   | Offered knowledge of Irradiate by Vehumet.
 26203 | Lair:5   | Learned a level 5 spell: Irradiate
 26907 | Lair:4   | Killed P0WERM0DE's ghost
 27224 | Lair:3   | Killed Ycul's ghost
 27225 | Lair:3   | Reached skill level 10 in Spellcasting
 28684 | D:12     | Noticed Urug
 28689 | D:12     | Killed Urug
 29376 | D:12     | Identified the +5 short sword of the Sun {freeze, rF+}
 30022 | D:13     | Found a hide-covered altar of Uskayaw.
 30113 | D:13     | Reached XP level 15. HP: 129/129 MP: 18/30
 30488 | D:13     | Found a gate to the Vaults.
 30740 | D:14     | Found a blossoming altar of Fedhas.
 31511 | D:15     | Entered Level 15 of the Dungeon
 31969 | D:15     | Found a staircase to the Depths.
 32014 | D:15     | Offered knowledge of Permafrost Eruption by Vehumet.
 32022 | D:15     | Learned a level 6 spell: Permafrost Eruption
 32506 | D:15     | Reached skill level 1 in Ice Magic
 32616 | D:15     | Paralysed by an ogre mage for 4 turns
 33527 | Orc:1    | Entered Level 1 of the Orcish Mines
 33645 | Orc:2    | Entered Level 2 of the Orcish Mines
 33983 | Orc:2    | Found a shimmering altar of Xom.
 34166 | Orc:2    | Reached skill level 5 in Ice Magic
 34302 | Orc:2    | Found Hounki Ixior's General Store.
 34322 | Orc:2    | Found Nikkucasch's Distillery.
 34785 | Orc:2    | Found a staircase to the Elven Halls.
 34899 | Orc:2    | Noticed Sokar's ghost (journeyman MDFi)
 34908 | Orc:2    | Found a runed translucent gate.
 34908 | Orc:2    | Found a runed translucent gate.
 34908 | Orc:2    | Found a runed translucent gate.
 35786 | Orc:2    | Found Enoucot's Book Boutique.
 35786 | Orc:2    | Found Uskaeny's Antique Armour Shop.
 35787 | Orc:2    | Found a one-way gate leading to the halls of Pandemonium.
 35919 | Orc:2    | Offered knowledge of Arcjolt by Vehumet.
 35938 | Orc:2    | Killed Sokar's ghost
 36227 | Orc:1    | Found Hollaf's Armour Emporium.
 36236 | Orc:1    | Bought a +0 hat of see invisible for 176 gold pieces
 36684 | Spider:1 | Entered Level 1 of the Spider Nest
 36865 | Spider:1 | Reached XP level 16. HP: 142/143 MP: 22/32
 36965 | Spider:1 | Reached skill level 10 in Ice Magic
 37157 | Spider:1 | Noticed Kirke
 37162 | Spider:1 | Killed Kirke
 37663 | Spider:1 | Noticed Frances
 37674 | Spider:1 | Killed Frances
 37675 | Spider:1 | Reached skill level 5 in Evocations
 38429 | Spider:1 | Noticed Roxanne
 38525 | Spider:1 | Killed Roxanne
 39739 | Shoals:1 | Entered Level 1 of the Shoals
 40131 | Shoals:1 | Found Jienecupp's Magic Scroll Shop.
 40146 | Shoals:1 | Bought a scroll of teleportation for 45 gold pieces
 40146 | Shoals:1 | Bought a scroll of fear for 60 gold pieces
 40146 | Shoals:1 | Bought a scroll of teleportation for 45 gold pieces
 40146 | Shoals:1 | Bought a scroll of fog for 60 gold pieces
 40146 | Shoals:1 | Bought a scroll of revelation for 112 gold pieces
 40522 | Shoals:1 | Offered knowledge of Plasma Beam by Vehumet.
 40565 | Shoals:1 | Found Fuudiuh's Jewellery Emporium.
 41326 | Shoals:2 | Found Kudaluas's Book Shop.
 41342 | Shoals:2 | Learned a level 7 spell: Ozocubu's Refrigeration
 41491 | Shoals:2 | Found a flickering gateway to a bazaar.
 41505 | Bazaar   | Entered a bazaar
 41505 | Bazaar   | Found Lugu's Magic Scroll Boutique.
 41548 | Bazaar   | Bought a scroll of blinking for 97 gold pieces
 41551 | Bazaar   | Found Hiuw's Antique Weapon Emporium.
 41567 | Bazaar   | Found Myifem's Antique Armour Emporium.
 41575 | Bazaar   | Bought a glowing buckler for 142 gold pieces
 41596 | Bazaar   | Found Unig's Jewellery Shop.
 41604 | Bazaar   | Found Mipexty's General Store.
 41634 | Bazaar   | Bought 2 scrolls of enchant weapon for 195 gold pieces
 41634 | Bazaar   | Bought a scroll of teleportation for 39 gold pieces
 41634 | Bazaar   | Bought 3 scrolls of teleportation for 117 gold pieces
 41656 | Bazaar   | Bought the ring "Carafuw" {rF+ Will+ Str+5 Slay+2} for 694
                  | gold pieces
 41689 | Shoals:2 | Reached skill level 1 in Shields
 42129 | Shoals:2 | Found Rezenki's Assorted Antiques.
 42134 | Shoals:2 | Bought 2 sedimented golden potions for 39 gold pieces
 42134 | Shoals:2 | Bought a scroll of blinking for 165 gold pieces
 42134 | Shoals:2 | Bought a potion of brilliance for 88 gold pieces
 42134 | Shoals:2 | Bought a scroll of teleportation for 66 gold pieces
 42134 | Shoals:2 | Bought a potion of curing for 66 gold pieces
 42798 | Shoals:2 | Reached skill level 5 in Shields
 43595 | Shoals:3 | Reached XP level 17. HP: 149/149 MP: 28/35
 44639 | Shoals:4 | Entered Level 4 of the Shoals
 45152 | Shoals:4 | Noticed Polyphemus
 45524 | Shoals:4 | Killed Polyphemus
 45524 | Shoals:4 | Offered knowledge of Maxwell's Capacitive Coupling by
                  | Vehumet.
 45591 | Shoals:4 | Identified the +8 long sword of Astrusch {chaos, Str+3
                  | Dex+2}
 46179 | Shoals:4 | Got a barnacled rune of Zot
 46663 | Vaults:1 | Entered Level 1 of the Vaults
 47901 | Vaults:1 | Reached ****** piety under Vehumet
 47902 | Vaults:1 | Reached skill level 15 in Ice Magic
 48321 | Vaults:1 | Identified the +4 whip of Truncation {flame, Dex+5}
 48426 | Vaults:1 | Reached XP level 18. HP: 136/157 MP: 14/36
 48631 | Vaults:1 | Found a roughly hewn altar of Beogh.
 48715 | Vaults:1 | Offered knowledge of Shatter by Vehumet.
 48715 | Vaults:1 | Offered knowledge of Polar Vortex by Vehumet.
 48715 | Vaults:1 | Offered knowledge of Ignition by Vehumet.
 49391 | Vaults:1 | Reached skill level 15 in Spellcasting
 51301 | Vaults:2 | Reached skill level 15 in Fighting
 51794 | Vaults:2 | Reached skill level 14 in Earth Magic
 52382 | Vaults:2 | Reached skill level 15 in Earth Magic
 52591 | Vaults:3 | Noticed Mennas
 52960 | Vaults:3 | Reached skill level 16 in Earth Magic
 53071 | Vaults:3 | Reached XP level 19. HP: 161/170 MP: 7/38
 53258 | Vaults:3 | Noticed a bone dragon
 53291 | Vaults:3 | Killed a bone dragon
 53292 | Vaults:3 | Reached skill level 17 in Earth Magic
 53370 | Vaults:3 | Found a staircase to the Crypt.
 54206 | Spider:2 | Identified the serpent talisman of Bad Feelings {rN+ Will+
                  | MP+9}
 54206 | Spider:2 | Noticed Aizul
 54658 | Spider:2 | Reached skill level 18 in Earth Magic
 55423 | Spider:2 | Killed Aizul
 56805 | Spider:3 | Reached skill level 19 in Earth Magic
 57411 | Spider:4 | Entered Level 4 of the Spider Nest
 57864 | Spider:3 | Reached skill level 20 in Earth Magic
 57875 | Spider:3 | Learned a level 9 spell: Shatter
 59219 | Spider:4 | Reached skill level 21 in Earth Magic
 60151 | Spider:4 | Got a gossamer rune of Zot
 60987 | Depths:1 | Entered Level 1 of the Depths
 61421 | D:15     | Reached XP level 20. HP: 110/178 MP: 10/39
 62597 | Depths:1 | Reached skill level 22 in Earth Magic
 63029 | D:15     | Learned a level 2 spell: Blink
 63401 | Elf:1    | Entered Level 1 of the Elven Halls
 63548 | Elf:1    | Paralysed by an air elemental for 1 turns
 64024 | Elf:1    | Reached skill level 23 in Earth Magic
 64362 | Elf:1    | Got the Guide on Bombardment
 65226 | Elf:2    | Found a runed translucent gate.
 65226 | Elf:2    | Found a runed translucent gate.
 65226 | Elf:2    | Found a runed translucent gate.
 65364 | Elf:2    | Found Sucoa's General Store.
 65497 | Elf:2    | Paralysed by an air elemental for 1 turns
 65499 | Elf:2    | Paralysed by an air elemental for 1 turns
 65709 | Elf:2    | Reached skill level 24 in Earth Magic
 65941 | Elf:2    | Bought a potion of magic for 144 gold pieces
 65941 | Elf:2    | Bought a potion of haste for 180 gold pieces
 65941 | Elf:2    | Bought a wand of roots (5) for 216 gold pieces
 66905 | Elf:3    | Entered Level 3 of the Elven Halls
 66952 | Elf:3    | Found Vuifaq's Antique Armour Boutique.
 67022 | Elf:3    | Found Cugiumul's Assorted Antiques.
 67037 | Elf:3    | Bought a scroll of teleportation for 111 gold pieces
 67037 | Elf:3    | Bought a scroll of teleportation for 111 gold pieces
 67037 | Elf:3    | Bought a scroll of butterflies for 148 gold pieces
 67199 | Elf:3    | Reached skill level 25 in Earth Magic
 67352 | Elf:3    | Found a runed translucent door.
 67352 | Elf:3    | Found a shimmering altar of Xom.
 67352 | Elf:3    | Noticed Essalna's ghost (adept GrFE)
 67352 | Elf:3    | Identified the +4 great mace "Okynn" {chaos, Int+2 Dex+3
                  | SInv Stlth-}
 67405 | Elf:3    | Found Sohud's Distillery.
 67411 | Elf:3    | Bought a potion of curing for 51 gold pieces
 67411 | Elf:3    | Bought a potion of enlightenment for 85 gold pieces
 67411 | Elf:3    | Bought a potion of curing for 51 gold pieces
 67411 | Elf:3    | Bought a potion of curing for 51 gold pieces
 67411 | Elf:3    | Bought a potion of brilliance for 68 gold pieces
 67411 | Elf:3    | Bought 2 potions of curing for 102 gold pieces
 67672 | Elf:3    | Reached XP level 21. HP: 184/184 MP: 34/40
 67679 | Elf:3    | Identified the +4 scimitar of the Blind Eye {heavy, Fly}
 67832 | Elf:3    | Found Vughek's General Store.
 67840 | Elf:3    | Bought the amulet of the Air {Inacc Air Fly rElec RMsl} for
                  | 376 gold pieces
 67840 | Elf:3    | Bought a scroll of fog for 40 gold pieces
 67840 | Elf:3    | Bought a scroll of teleportation for 30 gold pieces
 67840 | Elf:3    | Found the amulet of the Air {Inacc Air Fly rElec RMsl}
 68024 | Elf:3    | Identified the +1 leather armour of Neturun {rElec rC++
                  | Regen+ Int-2}
 68024 | Elf:3    | Identified the ring "Aghaott" {Fire rElec rPois Int+3}
 68028 | Elf:3    | Reached skill level 26 in Earth Magic
 68745 | Elf:3    | Identified the +4 great sword "Rariph" {holy, MP+9}
 68803 | Elf:3    | Found the +5 Force Lance {heavy, knockback}
 68828 | Elf:3    | Identified the staff of Etsiedir {Fly rElec rC+ Will- Conj}
 68829 | Elf:3    | Identified the +2 pair of boots of Starshine {rF+}
 68833 | Elf:3    | Identified the +5 sling "Qonaic" {heavy, Dex+6}
 68838 | Elf:3    | Got Fatziax's Tome of Soot and Dislocation
 68840 | Elf:3    | Got Mepoick's Verses on Azure Spelunking
 69263 | Elf:3    | Killed Essalna's ghost
 69344 | Elf:3    | Got the Book of Violence
 69510 | Elf:3    | Learned a level 8 spell: Lehudib's Crystal Spear
 71011 | Vaults:4 | Reached skill level 27 in Earth Magic
 73066 | Vaults:5 | Entered Level 5 of the Vaults
 73066 | Vaults:5 | Noticed an ancient lich
 73070 | Vaults:5 | Killed an ancient lich
 73070 | Vaults:5 | Noticed a dread lich
 73071 | Vaults:5 | Paralysed by a dread lich for 3 turns
 73234 | Vaults:4 | Killed a dread lich
 73235 | Vaults:4 | Reached XP level 22. HP: 192/192 MP: 25/43
 73367 | Vaults:5 | Noticed a dread lich
 73372 | Vaults:5 | Noticed Jory
 73373 | Vaults:4 | Paralysed by a dread lich for 5 turns
 73378 | Vaults:4 | Killed a dread lich
 73540 | Vaults:5 | Killed Jory
 73688 | Vaults:5 | Noticed a golden dragon
 73695 | Vaults:5 | Killed a golden dragon
 73751 | Vaults:5 | Identified the +0 robe of Understanding {rElec rF+
                  | Archmagi}
 73755 | Vaults:5 | Got Bithig's Papyrus of Cinders and Unholy Acts
 74132 | Vaults:5 | Identified the +8 hand axe of Edaewk {venom, Dex+6}
 74287 | Vaults:5 | Got a silver rune of Zot
 74293 | Vaults:5 | Got the Compendium of the Scorched Rebis
 74327 | Vaults:5 | Got Sif Muna's Compilation of the Displaced Anticline
 74332 | Vaults:5 | Identified the +1 plate armour "Hoekhlefu" {rC++ Regen+
                  | rCorr Int-2}
 74499 | Vaults:5 | Identified the +1 sling of Classification {speed, rPois rC+
                  | Str-4 Int+3}
 74645 | Vaults:5 | Identified the +5 orcbow "Qenkuna" {heavy, rN+ Stlth+}
 74980 | Vaults:5 | Identified the ring of Luza Panabb {Ice Str+2 Dex+3}
 74984 | Vaults:5 | Identified the +4 mace "Myfedd" {heavy, rF+ rCorr MP-9}
 75211 | Vaults:5 | Found the +1 Delatra's gloves {ID++}
 75259 | Vaults:5 | Noticed Sojobo
 75276 | Vaults:5 | Killed Sojobo
 75544 | Vaults:5 | Got the Excursus on the Band
 76199 | Vaults:5 | Learned a level 5 spell: Borgnjor's Vile Clutch
 76587 | Depths:1 | You fall into a shaft and drop 1 floor!
 76853 | Depths:2 | Found a one-way gateway to a ziggurat.
 77178 | Depths:3 | Found a gateway to Hell.
 77296 | Depths:2 | Found Holir's Antique Weapon Shoppe.
 77389 | Depths:2 | Found Xoeth's Antique Weapon Shoppe.
 77449 | Depths:2 | Bought a faintly glowing trident for 348 gold pieces
 77449 | Depths:2 | Identified the +10 trident of Understanding {protect,
                  | Int+3} (You bought it in a shop on level 2 of the Depths)
 77533 | Depths:2 | Found a one-way gate to the infinite horrors of the Abyss.
 77589 | Depths:2 | Noticed a juggernaut
 77592 | Depths:2 | Killed a juggernaut
 77593 | Depths:2 | Found Pufudoe's Armour Shop.
 78227 | Depths:1 | Reached XP level 23. HP: 202/204 MP: 29/47
 78531 | Depths:1 | Found Lothreotu's Jewellery Boutique.
 78683 | Depths:1 | HP: 7/191 [spectral caustic shrike (10)]
 78683 | Depths:1 | Mangled by a spectral caustic shrike

Illustrated notes

Levels and vault maps discovered:
D:1:      scummos_arrival_checkerplants, layout_loops_corners, minivault_24
D:2:      layout_basic, minmay_split_cup_small
D:3:      layout_basic, old_standard_altar, serial_shops, shop,
          serial_bayou_pond_d, uniq_terence
D:4:      layout_loops_corners, overflow_temple_1_default
D:5:      layout_basic, minmay_temple_entry_waves
D:6:      layout_basic, mainiacjoe_overflow_concentric_impassable,
          mainiacjoe_overflow_alcove_1
D:7:      kennysheep_seaside_town, layout_basic,
          nicolae_overflow_macrodata_refinement, serial_shops, shop
D:8:      layout_rooms, grunt_qazlal_sundering, serial_shops,
          nicolae_shop_pleasant_corner_grove
D:9:      layout_loops_cross, uniq_maggie, uniq_psyche
D:10:     layout_gridville, lemuel_round_altar, nicolae_sif_muna_condensation,
          nicolae_dithmenos_through_a_glass_darkly, erik_lair_orcish_takeover,
          minmay_orc_entry_temple_small, uniq_amaemon, uniq_maurice
D:11:     layout_roguey, serial_shops, shop
D:12:     minmay_inner_zag, layout_loops_ring, uniq_urug
D:13:     layout_basic, erik_vaults_1, nicolae_uskayaw_dance_hall
D:14:     layout_roguey, fedhas_altar_1
D:15:     grunt_enter_depths_hoard, layout_irregular_city, corexii_corridor_pit
Lair:1:   layout_cave_pods, gauntlet_entry_generic
Lair:2:   layout_gridlike, elwin_shoals_entry_stream, dummy_spider_entry,
          serial_bayou_lagoon_a, uniq_sonja
Lair:3:   layout_gridlike, maelrawn_ghost_gauntlet_escape
Lair:4:   layout_gridlike, slime_entry_1, gammafunk_ghost_split,
          cheibrodos_lair_caveside_slide, grunt_megastairs_4
Lair:5:   due_jungle_book, layout_long_grid, serial_rivers,
          chequers_serial_rivers_marsh, chequers_serial_rivers_room_a,
          chequers_serial_rivers_micro_a, chequers_serial_rivers_room_b,
          chequers_serial_rivers_micro_e, kennysheep_snail_temple, uniq_rupert
Shoals:1: layout_shoals, serial_shops, nicolae_shop_advertising_works
          [nicolae_subvault_shop_adworks], minmay_shop_enchanted_jewellery
Shoals:2: cheibrodos_shoals_epimethial_gifts, layout_shoals, serial_shops,
          bzr_entry_islet, nicolae_shop_hallway_plus, shop
Shoals:3: layout_shoals
Shoals:4: shoals_end_simple, layout_shoals, uniq_polyphemus
Spider:1: layout_chambers, special_room [special_room_bee], uniq_kirke,
          uniq_roxanne, uniq_frances
Spider:2: layout_spider_delve, uniq_aizul
Spider:3: layout_spider_delve
Spider:4: hellmonk_spider_rune_endless_swarm
Orc:1:    layout_caves, serial_shops,
          nicolae_shop_temple_entry_statues_fountains
Orc:2:    pf_orc_diabolical, layout_diamond_mine, basic_altar,
          gammafunk_ghost_split
Elf:1:    eino_elf_arrival_customs, layout_rooms, serial_glass, glass_columns_a,
          glass_columns_a, due_unseen_surprise, feat_on_display,
          minmay_elf_annihilation, nrook_loot_triangle,
          nicolae_concentric_dashed_squares_mild, hex_large
Elf:2:    nicolae_elf_blades_splatter_lattice
          [nicolae_blade_entry_floor_patterns], layout_geoelf_diagonals,
          serial_shops, nicolae_shop_statue_plus, palyth_stone_intersect
Elf:3:    minmay_elf_hall_statues, layout_geoelf_diagonals, ebering_ghost_xom,
          serial_shops, shop, nicolae_shop_getting_attention, shop, shop,
          nicolae_elf_big_sculpture_1
Vaults:1: v_misc_33, nicolae_vaults_arrows, nicolae_vaults_house_1,
          hangedman_vaults_pinch, v_pattern_2, nicolae_vaults_three_branches,
          special_room_vaults [special_room_orc], hangedman_vaults_restitches,
          nicolae_vaults_little_squares_6, ontoclasm_vaults_twist,
          layout_vaults_omnicross
Vaults:2: ontoclasm_vaults_ring_large, nicolae_vaults_big_ls, v_alt_pattern_6,
          ontoclasm_vaults_ligature, nicolae_vaults_little_squares_6,
          nicolae_vaults_trapezoid_1, nicolae_vaults_closet_pinwheel_3,
          nicolae_vaults_network_quinsquares
          [nicolae_vaults_network_quincunx_subvault,
          nicolae_vaults_network_quincunx_subvault,
          nicolae_vaults_network_quincunx_subvault,
          nicolae_vaults_network_quincunx_subvault], ontoclasm_vaults_gallery,
          nicolae_vaults_trapezoid_1, nicolae_vaults_door_testing_chamber,
          v_misc_16, nicolae_vaults_closet_pinwheel_4, vaults_room_pools,
          vaults_dpeg_ring, v_misc_13, layout_vaults_maze_snakey
Vaults:3: nicolae_vaults_offset_grid_hallway_4,
          nicolae_vaults_closet_pinwheel_4, hangedman_vaults_restitches,
          vaults_room_grid, hangedman_vaults_slice,
          hangedman_vaults_corner_blocks, minmay_crypt_entry_nasty_monster,
          hangedman_surveillance_ring, nicolae_vaults_shrinking_rooms_2,
          nicolae_vaults_heart-shaped_vault, ontoclasm_vaults_hangar,
          nicolae_vaults_alarming, layout_vaults_omnibox, uniq_margery,
          uniq_mennas
Vaults:4: hangedman_vaults_river_flow, grunt_vaults_funnel,
          ontoclasm_vaults_claustrophobia, grunt_vaults_trifunnel,
          vaults_mumra_hex, vaults_dpeg_spiral, serial_ice_b,
          hangedman_vaults_trim, layout_vaults_quadrants
Vaults:5: uniq_jory, uniq_sojobo
Depths:1: layout_honeycomb, serial_shops, shop, serial_bayou_pond_c,
          regret_index_abyss_entry_earlier_magic, pf_hell_entry_tar_river,
          minmay_checkered_concentric_circles, grunt_megastairs_2
Depths:2: wad_arrow_thing, layout_gridlike, enter_ziggurat_c,
          minmay_strange_pillars, serial_shops, shop,
          nicolae_shop_pleasant_corner_grove, shop, abyss_entry, pan_entry,
          hangedman_coc_ice_floe
Depths:3: kennysheep_scales, layout_cave_pools,
          regret_index_abyss_entry_already_here, grunt_pan_entry_sceptre,
          serial_bayou_pond_c, hell_entry, drop_trap, grunt_megastairs_3

Skill      XL: |  1  2  3  4  5  6  7  8  9 10 11 12 13 14 15 16 17 18 19 20 21 22 23 |
---------------+----------------------------------------------------------------------+-----
Fighting       | 4 5 11 13 15 16 17 | 17.3
Short Blades   | 3 4 5 6 |  6.0
Spellcasting   | 1 2 3 4 5 7 8 11 12 14 15 17 20 | 20.0
Summonings     | 1 3 5 6 7 |  7.0
Dodging        | 3 7 |  7.0
Conjurations   | 4 5 8 10 13 15 | 15.0
Earth Magic    | 5 8 10 11 13 16 21 25 27 | 27.0
Evocations     | 2 5 |  5.0
Ice Magic      | 9 10 15 | 15.0
Shields        | 7 |  7.0
Stealth        | |  4.5

Action                     |  1- 3 |  4- 6 |  7- 9 | 10-12 | 13-15 | 16-18 | 19-21 | 22-24 || total
---------------------------+-------+-------+-------+-------+-------+-------+-------+-------++-------
  Melee: Short sword       |   101 |       |       |       |       |       |       |       ||   101
         Tailslap          |    12 |    14 |    58 |   106 |    95 |    50 |    28 |    15 ||   378
         Rapier            |    41 |    38 |       |   264 |   358 |   163 |   105 |    46 ||  1015
         Dagger            |       |    71 |   370 |   268 |       |       |       |       ||   709
   Fire: Sling             |       |       |       |       |       |       |       |    10 ||    10
  Throw: Dart              |       |       |       |       |     2 |     2 |       |     1 ||     5
   Cast: Call Canine Famil |       |     7 |    27 |    38 |    22 |     7 |    13 |       ||   114
         Stone Arrow       |       |       |    35 |   335 |   515 |   118 |   131 |       ||  1134
         Orb of Destructio |       |       |       |       |    94 |    47 |    21 |     9 ||   171
         Permafrost Erupti |       |       |       |       |   169 |   469 |   416 |    55 ||  1109
         Irradiate         |       |       |       |       |     4 |     5 |    13 |     1 ||    23
         Ozocubu's Refrige |       |       |       |       |       |   110 |   126 |    14 ||   250
         Shatter           |       |       |       |       |       |       |    47 |    51 ||    98
         Lehudib's Crystal |       |       |       |       |       |       |    19 |   110 ||   129
         Borgnjor's Vile C |       |       |       |       |       |       |       |    25 ||    25
  Evoke: Wand              |       |       |     1 |    21 |    10 |     6 |     7 |    16 ||    61
         Box of beasts     |       |       |       |       |       |     1 |       |       ||     1
    Use: Scroll            |     2 |       |     7 |    12 |    13 |    14 |    13 |     9 ||    70
         Potion            |     2 |     2 |     3 |     4 |       |     3 |       |     4 ||    18
   Stab: Sleeping          |     8 |     2 |     8 |       |     2 |       |     1 |       ||    21
         Distracted        |       |     1 |     2 |     2 |     4 |     1 |       |       ||    10
         Fleeing           |       |       |     1 |       |       |       |       |       ||     1
         Paralysed         |       |       |       |     5 |       |       |       |       ||     5
 Armour: Skin              |    77 |    47 |   226 |   383 |   489 |   381 |   584 |   239 ||  2426
  Dodge: Dodged            |    91 |    89 |   394 |   549 |   602 |   183 |   328 |   105 ||  2341
         Repelled          |       |       |       |       |       |       |     4 |       ||     4
  Block: Buckler           |       |       |       |       |       |   130 |   209 |    66 ||   405

Table legend: (Time is in decaauts)
 A = Elapsed time spent in this place.
 B = Non-inter-level travel time spent in this place.
 C = Inter-level travel time spent in this place.
 D = Time resting spent in this place.
 E = Time spent auto-exploring this place.
 F = Levels seen in this place.
 G = Mean time per level.
                   A        B        C        D        E       F      G
               +--------+--------+--------+--------+--------+-----+--------+
         Total |  78323 |  73398 |   4925 |  34841 |  26073 |  43 | 1821.5 |
       Dungeon |  22644 |  20403 |   2241 |   7110 |   9461 |  15 | 1509.6 |
          Lair |  14010 |  13271 |    739 |   6514 |   4267 |   5 | 2802.0 |
        Shoals |   6331 |   6089 |    242 |   2965 |   2262 |   4 | 1582.8 |
   Spider Nest |   9126 |   8651 |    475 |   5758 |   1989 |   4 | 2281.5 |
  Orcish Mines |   3177 |   2901 |    276 |   1228 |   1150 |   2 | 1588.5 |
   Elven Halls |   6200 |   5897 |    303 |   2959 |   1977 |   3 | 2066.7 |
        Vaults |  13878 |  13297 |    581 |   7104 |   4074 |   5 | 2775.6 |
        Depths |   2148 |   2082 |     66 |    960 |    697 |   3 |  716.0 |
        Bazaar |    176 |    176 |      0 |     36 |     67 |   1 |  176.0 |
      Gauntlet |    627 |    627 |      0 |    206 |    129 |   1 |  627.0 |
               +--------+--------+--------+--------+--------+-----+--------+

Top non-repeatable levels by time:
Vaults:1: 4193 daAuts
    D:15: 4044 daAuts
Spider:1: 4026 daAuts
  Lair:5: 3708 daAuts
  Lair:2: 3102 daAuts
  Lair:3: 3041 daAuts
Spider:3: 2767 daAuts
Vaults:5: 2749 daAuts
  Lair:4: 2699 daAuts
Vaults:2: 2582 daAuts
   Orc:2: 2541 daAuts
   Elf:3: 2420 daAuts
Vaults:4: 2350 daAuts
     D:6: 2236 daAuts
   Elf:2: 2189 daAuts
